 Dungeon Crawl Stone Soup version 0.28-a0-1389-gc726bef33b (webtiles) character file.

Game seed: 2730203077465361724

61 thegreatkingdan the Shooter (level 3, -1/31 HPs)
             Began as a Minotaur Hunter on Jan 4, 2022.
             Killed from afar by an orc wizard (5 damage)
             ... with a puff of flame
             ... on level 2 of the Dungeon.
             The game lasted 00:08:26 (1077 turns).

thegreatkingdan the Shooter (Minotaur Hunter)       Turns: 1077, Time: 00:08:35

Health: -1/31      AC:  3    Str: 14 (16) XL:     3   Next: 83%
Magic:  2/2        EV: 12    Int:  5 (8)  God:
Gold:   106        SH:  0    Dex: 11 (12) Spells: 2/2 levels left

rFire   . . .      SeeInvis .   a - +1 shortbow
rCold   . . .      Faith    .   (shield currently unavailable)
rNeg    . . .      Spirit   .   c - +0 leather armour
rPois   .          Reflect  .   (helmet restricted)
rElec   .          Harm     .   (no cloak)
rCorr   .          Rampage  .   (no gloves)
Will    .....                   (no boots)
Stlth   +.........              (no amulet)
HPRegen 0.10/turn               (no ring)
MPRegen 0.08/turn               (no ring)

@: no status effects
A: horns 2, retaliatory headbutt
a: no special abilities


You were on level 2 of the Dungeon.
You visited 1 branch of the dungeon, and saw 2 of its levels.

You collected 106 gold pieces.

Inventory:

Hand Weapons
 a - a +1 shortbow (weapon)
 b - a +0 short sword
Missiles
 d - 12 arrows (quivered ammo)
 f - 18 bolts
 i - 4 poisoned darts
Armour
 c - a +0 leather armour (worn)
Wands
 m - a wand of iceblast (4)
Scrolls
 e - a scroll of enchant armour {unknown}
 j - a scroll of noise {unknown}
 k - a scroll of fog {unknown}
 l - a scroll of magic mapping {unknown}
Potions
 g - 2 potions of degeneration (quivered)
 h - a potion of haste {unknown}


   Skills:
 + Level 3.3 Fighting
 + Level 4.8 Bows
 + Level 3.0 Dodging
 + Level 1.7 Stealth


You had 2 spell levels left.
You didn't know any spells.
Your spell library contained the following spells:

 Spells                   Type           Power      Damage    Failure   Level
 Tukima's Dance           Hex            0%         N/A       90%         3
 Passage of Golubria      Tloc           0%         N/A       100%        4
 Yara's Violent Unravell  Hex/Tmut       0%         3d3       100%        5


Dungeon Overview and Level Annotations

Branches:
Dungeon (2/15)

Altars:


Innate Abilities, Weirdness & Mutations

You have a pair of horns on your head.
You reflexively headbutt those who attack you in melee.


Message History

You miss something. Your headbutt misses something.
Something hits you but does no damage.
No target in view!
You closely miss something. You headbutt something.
You hear some strange, mumbled words.
A magic dart appears from out of thin air!
The magic dart hits you. Something barely misses you.
You barely miss something.
You hear some strange, mumbled words.
You are confused.
You bump into the rock wall.
Something completely misses you. Something hits you.
You feel less confused.
You hear some strange, mumbled words.
A puff of flame appears from out of thin air!
The puff of flame hits you!
You hear some strange, mumbled words.
A magic dart appears from out of thin air!
The magic dart hits you.
* * * LOW HITPOINT WARNING * * *
Unknown command.
Aiming: Iceblast
Press: ? - help, Shift-Dir - straight line
Okay, then.
You miss something. Something hits you but does no damage. Something hits you.
* * * LOW HITPOINT WARNING * * *
You are too injured to fight recklessly!
It was a potion of degeneration.
There was something very wrong with that liquid.
You feel weakened.
You feel dopey.
You feel clumsy. Something hits you.
* * * LOW HITPOINT WARNING * * *
Something completely misses you.
You miss something. Something hits you but does no damage.
You hear some strange, mumbled words.
Something tries to affect you, but you resist.
You hear some strange, mumbled words.
A puff of flame appears from out of thin air!
The puff of flame hits you.
You die...

#...............###....#
#..........#....# #....#
#..........#....# #.....
#........#.#....# ##....
###+#....#.#....# #.###
#..#.#.#>...# #.##.
#......#....# #.##.
.......#{{........+ ..##.
.......#.@..#.....#######)
.......#....#.....#..[....
.(()...#....#.....#.#####.
#####.##....#####.#.#.....
#. +....+.......#..... ##
#....#####.....#..#
#....#.......###...
######.#####.#.#...
##.#.....


There were no monsters in sight!

Vanquished Creatures
  A gnoll (D:1)
  3 adders (D:2)
  An orc (D:2)
  A ball python (D:2)
  6 endoplasms
  2 goblins
  A hobgoblin (D:1)
  2 jackals (D:2)
  A quokka (D:1)
  A bat (D:1)
  4 kobolds
  A rat (D:1)
24 creatures vanquished.

Notes
Turn   | Place    | Note
-------+----------+-------------------------------------------
     0 | D:1      | thegreatkingdan the Minotaur Hunter began the quest for the
                  | Orb.
     0 | D:1      | Reached XP level 1. HP: 18/18 MP: 0/0
   280 | D:1      | Reached skill level 1 in Stealth
   342 | D:1      | Reached XP level 2. HP: 25/25 MP: 1/1
   857 | D:2      | Reached XP level 3. HP: 31/31 MP: 2/2
  1077 | D:2      | Killed from afar by an orc wizard

Illustrated notes

Levels and vault maps discovered:
D:1:      beargit_arrival_diablo_church, layout_loops_ring
D:2:      layout_basic, shapermc_ecumenical_altar_mp_highgroup, minmay_cut_off

Skill      XL: |  1  2  3 |
---------------+----------+-----
Stealth        | 1 |  1.7
Fighting       | 3 |  3.3
Dodging        | 3 |  3.0
Bows           | |  4.8

Action                   || total
-------------------------++-------
Melee: Shortbow          ||    12
       Headbutt          ||     3
 Fire: Shortbow          ||    49
  Use: Potion            ||     1
Armor: Leather armour    ||    13
Dodge: Dodged            ||    21

Table legend: (Time is in decaauts)
 A = Elapsed time spent in this place.
 B = Non-inter-level travel time spent in this place.
 C = Inter-level travel time spent in this place.
 D = Time resting spent in this place.
 E = Time spent auto-exploring this place.
 F = Levels seen in this place.
 G = Mean time per level.
                   A        B        C        D        E       F      G
               +--------+--------+--------+--------+--------+-----+--------+
         Total |   1086 |   1086 |      0 |      0 |    518 |   2 |  543.0 |
       Dungeon |   1086 |   1086 |      0 |      0 |    518 |   2 |  543.0 |
               +--------+--------+--------+--------+--------+-----+--------+

Top non-repeatable levels by time:
     D:1: 743 daAuts
     D:2: 342 daAuts
